 Dungeon Crawl Stone Soup version 0.23-a0-819-g6debee6 (webtiles) character file.

790 Lilu the Magician (level 7, -3/36 HPs)
             Began as a Deep Elf Wizard on Jan 22, 2019.
             Was a Believer of Sif Muna.
             Engulfed by a cloud of flame (8 damage)
             ... on level 5 of the Dungeon.
             The game lasted 00:13:59 (5636 turns).

Lilu the Magician (Deep Elf Wizard)                 Turns: 5636, Time: 00:14:00

Health: -3/36      AC:  9    Str:  4    XL:     7   Next: 57%
Magic:  9/18       EV: 14    Int: 25    God:    Sif Muna [**....]
Gold:   261        SH:  0    Dex: 13    Spells: 7/18 levels left

rFire    + . .     SeeInvis .   s - +1 short sword (speed)
rCold    x . .     Gourm    .   (no shield)
rNeg     . . .     Faith    .   a - +0 robe
rPois    .         Spirit   .   I - +0 helmet
rElec    .         Reflect  .   l - +2 cloak
rCorr    .         Harm     .   (no gloves)
MR       .....                  (no boots)
Stlth    ++........             (no amulet)
HPRegen  0.12/turn              k - +3 ring of protection
MPRegen  0.16/turn              N - ring of fire

@: divine energy
A: no striking features
a: Stop Divine Energy, Renounce Religion


You were on level 5 of the Dungeon.
You worshipped Sif Muna.
Sif Muna was pleased with you.
You were not hungry.

You visited 1 branch of the dungeon, and saw 5 of its levels.

You collected 319 gold pieces.
You spent 58 gold pieces at shops.

Inventory:

Hand Weapons
 s - a +1 short sword of speed (weapon)
 A - a +2 dagger of speed
 D - a +0 hunting sling
 J - a +0 blowgun
 L - a +5 dagger
Missiles
 g - 116 stones (quivered)
 h - 94 arrows
 r - 42 poisoned needles
 x - 44 sling bullets
Armour
 a - a +0 robe (worn)
 l - a +2 cloak (worn)
 v - a +0 leather armour
 F - a +0 buckler
 I - a +0 helmet (worn)
Jewellery
 e - an uncursed ring of protection from fire
 k - a +3 ring of protection (left hand)
 y - a +4 ring of slaying
 N - a ring of fire (right hand)
Wands
 E - a wand of iceblast (8)
Scrolls
 b - a scroll of noise {unknown}
 c - 3 scrolls of enchant weapon {unknown}
 i - 4 scrolls of remove curse {unknown}
 j - 6 scrolls of identify {unknown}
 n - 2 scrolls of enchant armour {unknown}
 o - 3 scrolls of fear {unknown}
 t - a scroll of magic mapping {unknown}
 u - 2 scrolls of immolation {unknown}
 B - 3 scrolls of teleportation {unknown}
 C - 2 scrolls of blinking {unknown}
 H - a scroll of fog {unknown}
 O - a scroll of amnesia {unknown}
Potions
 f - 2 potions of heal wounds {unknown}
 m - 2 potions of haste {unknown}
 p - a potion of degeneration {unknown}
 q - 2 potions of might {unknown}
 w - 2 potions of magic {unknown}
 z - a potion of berserk rage {unknown}
 G - a potion of flight {unknown}
 K - a potion of lignification {unknown}
 M - a potion of curing {unknown}
Comestibles
 d - 13 rations
 P - 5 chunks of flesh


   Skills:
 + Level 4.7 Dodging
 - Level 2.4 Stealth
 + Level 2.1 Shields
 - Level 6.2 Spellcasting
 - Level 5.0 Conjurations
 - Level 1.1 Summonings
 - Level 2.0 Translocations
 - Level 2.0 Fire Magic
 - Level 2.2 Air Magic
 - Level 2.0 Poison Magic


You had 7 spell levels left.
You knew the following spells:

 Your Spells              Type           Power        Failure   Level  Hunger
a - Magic Dart            Conj           ####         1%          1    None
b - Blink                 Tloc           N/A          4%          2    None
c - Call Imp              Summ           ##......     7%          2    None
d - Conjure Flame         Conj/Fire      #####...     4%          3    None
e - Mephitic Cloud        Conj/Pois/Air  ###.....     6%          3    None

Your spell library contained the following spells:

 Spells                   Type           Power        Failure   Level  Hunger
 Slow                     Hex            #.......     11%         2    None


Dungeon Overview and Level Annotations

Branches:
Dungeon (5/15)
 Temple: D:4-7

Altars:
Ashenzari
Elyvilon
Fedhas
Kikubaaqudgha
Sif Muna

Shops:
D:4 [


Message History

The two-headed ogre hits you with a +0 giant club!!
Ouch! That really hurt!
* * * LOW HITPOINT WARNING * * *
The two-headed ogre closely misses you.
Casting: Conjure Flame (safe; 4% risk of failure)
Confirm with . or Enter, or press ? or * to list all spells.
Okay, then.
Casting: Conjure Flame (safe; 4% risk of failure)
Confirm with . or Enter, or press ? or * to list all spells.
You blink.
The two-headed ogre is engulfed in blazing flames.
Casting: Blink (safe; 4% risk of failure)
Confirm with . or Enter, or press ? or * to list all spells.
You miscast Blink.
Sif Muna protects you from the effects of your miscast!
The two-headed ogre misses you. x2
Casting: Blink (safe; 4% risk of failure)
Confirm with . or Enter, or press ? or * to list all spells.
You blink.
You are engulfed in blazing flames.
You resist.
You die...

#.# #.#.# #.#
#.#.# #.# #.#.#
#.# #.#.### #.#
#.#...# #.#
#<###.# #.#
#.###.### #§#
#........ #@#
#####.###
#O############.###
#§....$...........
##############.###
#.# # #.# #.# #.#
#.#


You could see a two-headed ogre.

Vanquished Creatures
  A centaur (D:5)
  A big kobold (D:5)
  2 vampire bats (D:2)
  A crimson imp (D:5)
  A jelly (D:4)
  A bullfrog skeleton (D:5)
  A hound (D:4)
  2 orc wizards (D:5)
  Jessica (D:2)
  An iguana (D:4)
  3 worker ants
  Robin (D:4)
  3 gnolls (D:5)
  8 adders
  4 oozes
  A worm (D:4)
  A dart slug (D:3)
  4 leopard geckos
  7 orcs
  2 bats (D:3)
  A bat skeleton (D:2)
  2 bat zombies (D:2)
  2 giant cockroaches (D:2)
  9 hobgoblins
  4 jackals (D:3)
  A ball python (D:2)
  4 frilled lizards
  12 goblins
  13 kobolds
  A leopard gecko zombie (D:5)
  6 rats
101 creatures vanquished.

Vanquished Creatures (collateral kills)
  Terence (D:2)
  An iguana (D:4)
  A worm (D:2)
  A leopard gecko (D:2)
  2 bat skeletons (D:2)
6 creatures vanquished.

Grand Total: 107 creatures vanquished

Notes
Turn   | Place    | Note
-------+----------+-------------------------------------------
     0 | D:1      | Lilu the Deep Elf Wizard began the quest for the Orb.
     0 | D:1      | Reached XP level 1. HP: 10/10 MP: 7/7
   182 | D:1      | Reached XP level 2. HP: 15/15 MP: 1/9
   590 | D:1      | Reached skill level 5 in Spellcasting
   727 | D:1      | Learned a level 2 spell: Blink
   730 | D:1      | Learned a level 2 spell: Call Imp
   814 | D:2      | Noticed Terence
   845 | D:2      | Killed Terence
   845 | D:2      | Reached XP level 3. HP: 9/19 MP: 2/11
  1244 | D:2      | Found a deep blue altar of Sif Muna.
  1374 | D:2      | Became a worshipper of Sif Muna the Loreminder
  1427 | D:2      | Learned a level 3 spell: Conjure Flame
  1431 | D:2      | Learned a level 3 spell: Mephitic Cloud
  1647 | D:2      | Noticed Jessica
  1650 | D:2      | Killed Jessica
  1650 | D:2      | Reached XP level 4. HP: 24/24 MP: 4/13
  1769 | D:2      | Reached skill level 6 in Spellcasting
  1769 | D:2      | Reached XP level 5. HP: 28/28 MP: 5/15
  1831 | D:2      | Found an ancient bone altar of Kikubaaqudgha.
  1934 | D:2      | Found a white marble altar of Elyvilon.
  2554 | D:3      | Reached * piety under Sif Muna
  2775 | D:3      | Reached skill level 1 in Fire Magic
  2985 | D:3      | Reached XP level 6. HP: 32/32 MP: 14/17
  3092 | D:3      | Found a shattered altar of Ashenzari.
  3233 | D:4      | Found Xedd's Armour Emporium.
  3245 | D:4      | Bought a +0 buckler for 58 gold pieces
  3251 | D:4      | Noticed Robin
  3340 | D:4      | Killed Robin
  3604 | D:4      | Reached skill level 1 in Poison Magic
  3613 | D:4      | Reached skill level 5 in Conjurations
  4623 | D:5      | Entered Level 5 of the Dungeon
  4688 | D:5      | Reached skill level 1 in Shields
  4832 | D:5      | Found a blossoming altar of Fedhas.
  4875 | D:5      | Reached XP level 7. HP: 36/36 MP: 12/18
  5133 | D:5      | Reached ** piety under Sif Muna
  5133 | D:5      | Reached skill level 1 in Air Magic
  5628 | D:5      | Noticed a two-headed ogre
  5636 | D:5      | Engulfed by a cloud of flame

Vault maps used:
D:1:      dpeg_arrival_water_temple_mockup
D:2:      elyvilon_altar_3, kennysheep_vampire_church, lemuel_blue_sif_altar,
          chequers_big_river, uniq_terence, uniq_jessica
D:3:      cheibrodos_ashenzari_chains, chequers_mini_garden
D:4:      serial_shops, shop, uniq_robin
D:5:      lemuel_round_altar, first_ration, basic_altar

Skill      XL: |  1  2  3  4  5  6  7 |
---------------+----------------------+-----
Conjurations   | 2 3 4 5 |  5.0
Spellcasting   | 5 6 |  6.2
Fire Magic     | 1 2 |  2.0
Dodging        | 3 4 |  4.7
Poison Magic   | 1 2 |  2.0
Shields        | 1 2 |  2.1
Translocations | 2 |  2.0
Air Magic      | 2 |  2.2
Stealth        | |  2.4
Summonings     | |  1.1

Action                   |  1- 3 |  4- 6 |  7- 9 || total
-------------------------+-------+-------+-------++-------
Melee: Short sword       |       |    15 |    22 ||    37
 Cast: Magic Dart        |    48 |   162 |    61 ||   271
       Call Imp          |     4 |     6 |       ||    10
       Mephitic Cloud    |       |     4 |     4 ||     8
       Blink             |       |     1 |     2 ||     3
       Conjure Flame     |       |       |     1 ||     1
Invok: Divine Energy     |       |     1 |       ||     1
 Stab: Confused          |       |       |     7 ||     7
  Eat: Chunk             |     1 |     8 |     2 ||    11
       Ration            |       |     1 |       ||     1
Armor: Robe              |    11 |    56 |    14 ||    81
Dodge: Dodged            |    16 |   101 |    34 ||   151

Table legend:
 A = Non-vault XP
 B = Vault XP
 C = Vault XP percentage of total XP
 D = Non-vault monster count
 E = Vault monster count
 F = Vault count percentage of total count
                 A         B        C        D         E       F
            +---------+---------+-------+---------+---------+-------
      Total |     920 |     209 |  18.5 |      87 |      20 |  18.7
            +---------+---------+-------+---------+---------+-------
        D:1 |      24 |       0 |   0.0 |      10 |       0 |   0.0
        D:2 |      23 |     176 |  88.4 |      12 |       9 |  42.9
        D:3 |     159 |       0 |   0.0 |      30 |       0 |   0.0
        D:4 |     202 |      33 |  14.0 |       7 |      11 |  61.1
        D:5 |     512 |       0 |   0.0 |      28 |       0 |   0.0
            +---------+---------+-------+---------+---------+-------
